AoeStats
← 知耻而后勇喜笑颜开

Arabia

510056193Analyzed
1v1 RM · 2d ago on Sep 29, 2026· 35m 45s· 2 players
Game mode
Random Map
Map size
Tiny (2 player)
Population
200
Speed
Normal
Resources
Standard
Victory
Conquest
Starting age
Dark Age
Ending age
Imperial Age
RankedLock teamsTeams togetherTeam positionsShared explorationLock speedFull tech treeHidden civsTurbo modeCheats
Victory
Defeat
1425
+14
🇪🇸 Persians · Spain
1373
-14
nico
5:39 Loom
8:24 Feudal Age
9:13 Double-Bit Axe
21:11 Castle Age
22:05 Elite Skirmisher
26:24 Wheelbarrow
26:25 Fletching
26:35 Padded Archer Armor
26:51 Padded Archer Armor
30:31 Bodkin Arrow
31:13 Scale Barding Armor
32:09 Bloodlines
知耻而后勇喜笑颜开
9:16 Feudal Age
8:59 Loom
9:46 Double-Bit Axe
9:31 Man-at-Arms
12:45 Wheelbarrow
15:49 Fletching
18:17 Scale Mail Armor
18:17 Padded Archer Armor
22:04 Castle Age
21:35 Gold Mining
21:57 Scale Mail Armor
22:05 Pikeman
23:02 Bow Saw
22:35 Horse Collar
23:33 Chain Mail Armor
23:28 Town Watch
24:15 Chain Mail Armor
24:52 Arson
27:06 Heavy Plow
27:41 Gold Shaft Mining
26:57 Stone Mining
28:40 Sanctity
32:23 Fervor
Connection lost

Rejoining the realm…

Still unreachable

The connection could not be restored.

Session expired

The server has moved on; the page needs a fresh start.